 Dungeon Crawl Stone Soup version 0.29-a0-214-g17f627cfee (webtiles) character file.

Game seed: 11275576827443196892

8 spaghetti the Skirmisher (level 2, -2/21 HPs)
             Began as an Octopode Fighter on Feb 24, 2022.
             Killed from afar by Natasha (8 damage)
             ... with a magic dart
             ... on level 2 of the Dungeon.
             The game lasted 00:00:26 (385 turns).

spaghetti the Skirmisher (Octopode Fighter)          Turns: 385, Time: 00:00:27

Health: -2/21      AC:  1    Str: 15    XL:     2   Next: 8%
Magic:  2/2        EV: 13    Int: 10    God:
Gold:   0          SH:  4    Dex: 11    Spells: 1/1 levels left

rFire   . . .      SeeInvis .   a - +0 long sword {long}
rCold   . . .      Faith    .   b - +0 buckler
rNeg    . . .      Spirit   .   (helmet restricted)
rPois   .          Reflect  .   (no amulet)
rElec   .          Harm     .   e - ring of resist corrosion
rCorr   +          Rampage  .   (no ring)
Will    .....                   (no ring)
Stlth   ++........              (no ring)
HPRegen 0.07/turn               (no ring)
MPRegen 0.08/turn               (no ring)
                                (no ring)
                                (no ring)

@: slowed, very slow
A: almost no armour, amphibious, 8 rings, camouflage 1, gelatinous body 1,
(nimble swimmer 1), tentacles
a: no special abilities


You were on level 2 of the Dungeon.
You visited 1 branch of the dungeon, and saw 2 of its levels.


Innate Abilities, Weirdness & Mutations

You cannot wear most types of armour.
You are amphibious.
You can wear up to eight rings at the same time.
Your skin changes colour to match your surroundings (Stealth+).
Your rubbery body absorbs attacks. (AC +1, EV +1)
((You are camouflaged when in or above water. (Stealth+)))
You have tentacles for arms and can constrict up to eight enemies at once.


   Skills:
 + Level 3.5 Fighting
 - Level 2.0 Long Blades
 - Level 3.0 Dodging
 - Level 3.0 Shields


You had one spell level left.
You didn't know any spells.
Your spell library was empty.

Inventory:

Hand Weapons
 a - a +0 long sword (weapon) {long}
Missiles
 f - 8 stones (quivered) {throwing}
Armour
 b - a +0 buckler (worn)
Jewellery
 e - a ring of resist corrosion (left tentacle)
   (You found it on level 1 of the Dungeon)
Scrolls
 d - a scroll of summoning {unknown}
Potions
 c - a potion of might

Dungeon Overview and Level Annotations

Branches:
Dungeon (2/15)

Altars:

Annotations:
D:2 Natasha

#..............
#......?....g..
#.........gh...
#........B.....
#.?...g..w.....
#######'#'#########
#......5#.#


#ghw# +@g.# #.).# #.......# ######### You could see a worm, Natasha, 3 gnolls
and a white imp (summoned).


Message History

* * * LOW HITPOINT WARNING * * *
😨 HP[-5]
You take 5 damage, and now have 5/16 hp.
MASSIVE DAMAGE!! (PAUSE)
You slash the endoplasm!
You kill the endoplasm!
You start resting.
A hobgoblin comes into view. 😨 HP[+2]
You regained 2 hp, and now have 7/16 hp.
There are monsters nearby!
Things that are here:
a +0 whip {mace}; 4 stones {throwing}
There is a stone staircase leading up here.
You climb upwards.
There is a stone staircase leading down here.
Unknown command.
You start resting. 😎 HP[+9]
Your hp is fully restored (16).
You climb downwards.
The kobold barely misses you. You block the kobold's attack.
There is a stone staircase leading up here.
You hit the kobold. Your grab misses the kobold. You block the kobold's attack.
You barely miss the kobold. Your grab misses the kobold.
You block the kobold's attack.
You hit the kobold.
You kill the kobold!
No target in view!
No target in view!
No target in view!
No target in view!
No target in view!
No target in view!
No target in view!
No target in view!
Things that are here:
4 stones {throwing}; a +0 whip {mace} A hobgoblin is nearby!
You hit the hobgoblin. Your grab misses the hobgoblin.
The hobgoblin completely misses you.
You slash the hobgoblin!
You kill the hobgoblin!
You have reached level 2! 😎 HP[+5] MP[+1]
You now have 21 max hp (+5).
Your hp is fully restored (21).
Your mp is fully restored (2).
f - 4 stones {throwing} You see here a +0 whip {mace}.
f - 8 stones {throwing} (gained 4)
You see here a +0 dagger {short}.
A worm and a giant cockroach come into view.
There is an open door, spattered with blood here.
A gnoll comes into view. It is wielding a +0 whip.
Natasha and a gnoll come into view.
Natasha hisses angrily.
The gnoll shouts!
You hear a shout!
Natasha stares at you and mumbles some strange words.
The magic dart hits you! 😮 HP[-9]
You take 9 damage, and now have 12/21 hp.
MASSIVE DAMAGE!! (PAUSE)
There is an open door, spattered with blood here.
There is a stone staircase leading up here.
Natasha mumbles some strange words.
You climb upwards.
There is a stone staircase leading down here. 😮 HP[+1] Unknown command.
Unknown command.
You start resting. 😎 HP[+8]
Your hp is fully restored (21).
You climb downwards.
Level annotation: Natasha The giant cockroach closely misses you.
There is a stone staircase leading up here.
The gnoll shouts!
You hit the giant cockroach. You grab the giant cockroach.
You constrict the giant cockroach.
You hear a shout!
You block the giant cockroach's attack.
A gnoll opens the door.
A gnoll comes into view. It is wielding a +0 spear.
The giant cockroach closely misses you.
You hit the giant cockroach.
You kill the giant cockroach!
Natasha casts a spell at you.
You feel yourself slow down.
You barely miss Natasha. Your grab misses Natasha.
Natasha mumbles some strange words.
The gnoll barely misses you. Natasha casts a spell at you.
You feel as though you will be slow longer.
You hit Natasha. Your grab misses Natasha.
Natasha stares at you and mumbles some strange words.
The magic dart hits you! The gnoll hits you with a +0 club!
* * * LOW HITPOINT WARNING * * *
Natasha casts a spell at you. The magic dart hits you!
You die...

Action                   || total
-------------------------++-------
Melee: Long sword        ||    15
       Tentacles         ||     2
       Constrict         ||     2
 Stab: Sleeping          ||     1
Dodge: Dodged            ||     6
Block: Buckler           ||     4

Levels and vault maps discovered:
D:1:      lightli_arrival_maybe_door_vault, layout_rooms,
          chequers_ecumenical_altar_simple
D:2:      layout_basic, minmay_indecisive_spiral, uniq_natasha,
          uniq_crazy_yiuf_cottage, uniq_jessica

Notes
Turn   | Place    | Note
-------+----------+-------------------------------------------
     0 | D:1      | spaghetti the Octopode Fighter began the quest for the Orb.
     0 | D:1      | Reached XP level 1. HP: 16/16 MP: 1/1
     0 | D:1      | magus.rc [v1.9.6]
   248 | D:2      | Reached XP level 2. HP: 21/21 MP: 2/2
   258 | D:2      | Noticed Natasha
   385 | D:2      | Killed from afar by Natasha

Vanquished Creatures
  2 endoplasms
  A giant cockroach (D:2)
  A hobgoblin (D:2)
  A goblin (D:1)
  2 kobolds (D:2)
7 creatures vanquished.

Table legend:
 A = Non-vault XP
 B = Vault XP
 C = Vault XP percentage of total XP
 D = Non-vault monster count
 E = Vault monster count
 F = Vault count percentage of total count
                 A         B        C        D         E       F
            +---------+---------+-------+---------+---------+-------
      Total |      12 |       0 |   0.0 |       7 |       0 |   0.0
            +---------+---------+-------+---------+---------+-------
        D:1 |       3 |       0 |   0.0 |       2 |       0 |   0.0
        D:2 |       9 |       0 |   0.0 |       5 |       0 |   0.0
            +---------+---------+-------+---------+---------+-------

Illustrated notes

Table legend:
 A = Kills in this place as a percentage of kills in entire the game.
 B = Kills by you in this place as a percentage of kills by you in the entire game.
 C = Kills by friends in this place as a percentage of kills by friends in the entire game.
 D = Other kills in this place as a percentage of other kills in the entire game.
 E = Experience gained in this place as a percentage of experience gained in the entire game.
 F = Experience gained in this place divided by the number of levels of this place that you have seen.
                   A       B       C       D       E      F
               +-------+-------+-------+-------+-------+----------------------
         Total | 100.0 | 100.0 |   N/A |   N/A | 100.0 |   6.0
       Dungeon | 100.0 | 100.0 |   N/A |   N/A | 100.0 |   6.0
               +-------+-------+-------+-------+-------+----------------------

Table legend: (Time is in decaauts)
 A = Elapsed time spent in this place.
 B = Non-inter-level travel time spent in this place.
 C = Inter-level travel time spent in this place.
 D = Time resting spent in this place.
 E = Time spent auto-exploring this place.
 F = Levels seen in this place.
 G = Mean time per level.
                   A        B        C        D        E       F      G
               +--------+--------+--------+--------+--------+-----+--------+
         Total |    391 |    391 |      0 |    318 |      8 |   2 |  195.5 |
       Dungeon |    391 |    391 |      0 |    318 |      8 |   2 |  195.5 |
               +--------+--------+--------+--------+--------+-----+--------+

Top non-repeatable levels by time:
     D:1: 314 daAuts
     D:2: 76 daAuts
